 Dungeon Sprint DCSS version 0.27-a0-1278-g6cbc8dfb29 (webtiles) character file.

Game seed: 17783768553553958912

1207 mhtbhm the Basher (level 8, -6/71 HPs)
             Began as a Demonspawn Berserker on June 12, 2021.
             Was an Elder of Trog.
             Mangled by a killer bee (7 damage)
             ... in the Dungeon (Sprint IV: "Fedhas' Mad Dash").
             The game lasted 00:02:01 (1597 turns).

mhtbhm the Basher (Demonspawn Berserker)            Turns: 1597, Time: 00:02:01

Health: -6/71      AC: 14    Str: 21    XL:     8   Next: 21%
Magic:  7/8        EV:  8    Int:  8    God:    Trog [****..]
Gold:   106        SH:  4    Dex: 12    Spells: 7/7 levels left

rFire    . . .     SeeInvis .   a - +0 mace
rCold    . . .     Faith    .   (no shield)
rNeg     . . .     Spirit   .   b - +0 plate armour
rPois    .         Reflect  .   (helmet restricted)
rElec    .         Harm     .   (no cloak)
rCorr    .         Rampage  .   (no gloves)
Will     ++...     NoTele   +   (no boots)
Stlth    ..........             i - amulet of invisibility {+Inv}
HPRegen  1.21/turn              (no ring)
MPRegen  0.11/turn              (no ring)

@: lethally poisoned (-6 -> -13), strong-willed, on berserk cooldown, very
slightly contaminated, regenerating, slowed, very slow
A: antennae 1, icy blue scales 1, condensation shield, demonic magic 1
a: Renounce Religion, Evoke Invisibility, Berserk, Trog's Hand, Brothers in Arms


You were in the Dungeon.
You worshipped Trog.
Trog was greatly pleased with you.
You visited 1 branch You collected 106 gold pieces.

Inventory:

Hand Weapons
 a - a +0 mace (weapon)
Armour
 b - a +0 plate armour (worn)
Jewellery
 i - the amulet of invisibility (around neck) {+Inv}
   (You found it in the Dungeon)

   [amulet of nothing]

   It lets you turn invisible.
Scrolls
 h - a scroll of blinking
Potions
 e - 4 potions of haste
 f - 2 potions of magic
 g - a potion of berserk rage


   Skills:
 + Level 9.4 Fighting
 + Level 10.3 Maces & Flails
 + Level 4.7 Armour
 + Level 6.4 Dodging
 + Level 4.7 Stealth
 + Level 0.2 Shields
 + Level 6.2 Evocations


You had 7 spell levels left.
You didn't know any spells.
Your spell library was empty.

Dungeon Overview and Level Annotations

Branches:
Dungeon (1/1)

Altars:
Cheibriados
Dithmenos
Elyvilon
Gozag
Hepliaklqana
Kikubaaqudgha
Makhleb
Nemelex Xobeh
Okawaru
Qazlal
Ru
Sif Muna
Trog
Uskayaw
Vehumet
Wu Jian
Xom
Yredelemnul
Zin
The Shining One
Beogh
Jiyva
Lugonu

Shops:
D :(*:


Innate Abilities, Weirdness & Mutations

You have a pair of small antennae on your head.
You are partially covered in icy blue scales. (AC +2)
A meltable shield of frost defends you. (SH +4)
Spells you cast may paralyse adjacent enemies.


Message History

Your ogre closely misses the killer bee.
Your plate armour prevents you from hitting the killer bee.
You flicker back into view.
The killer bee stings you! The killer bee barely misses you.
The killer bee stings you.
You are poisoned.
The killer bee poisons you! The killer bee stings you. x2
You are more poisoned.
The killer bee poisons you! The killer bee closely misses you.
Your ogre closely misses the killer bee.
You block the killer bee's attack. The killer bee barely misses you.
Your plate armour prevents you from hitting the killer bee.
* * * LOW HITPOINT WARNING * * *
You feel very sick. The killer bee stings you.
* * * LOW HITPOINT WARNING * * *
The killer bee stings you.
* * * LOW HITPOINT WARNING * * *
The killer bee barely misses you. You block the killer bee's attack.
The killer bee barely misses you.
Your ogre completely misses the killer bee.
The killer bee stings you but does no damage.
The killer bee stings you.
* * * LOW HITPOINT WARNING * * *
You block the killer bee's attack.
Your ogre misses the killer bee.
Unknown command.
Okay, then.
Your skin crawls.
You feel strong-willed.
You feel very sick.
The killer bee stings you but does no damage. x2
The killer bee closely misses you.
The killer bee stings you but does no damage.
You block the killer bee's attack. The killer bee completely misses you.
The killer bee stings you but does no damage.
Your ogre misses the killer bee. The killer bee stings you.
* * * LOW HITPOINT WARNING * * *
You are more poisoned.
The killer bee poisons you! The killer bee stings you!
You die...

######################
#<..P#.....#.....#.⌠._
#PP..'.:...'.#)..'.._.
#PPPP#....†#.#...#..._
###############'##.._.
#...♣yO......'...#._._
#...y@†♣.....#...#####
#.....♣..♣..######
##+####+##### {


You could see 2 killer bees and a friendly ogre (summoned, berserk).

Vanquished Creatures
  2 wandering mushrooms (D)
  A burning bush (D)
  3 scorpions (D)
  2 killer bees (D)
  4 oklob saplings (D)
  2 spriggans (D)
  A river rat (D)
  A rat (D)
16 creatures vanquished.

Vanquished Creatures (collateral kills)
  A queen bee (D)
1 creature vanquished.

Grand Total: 17 creatures vanquished

Notes
Turn   | Place    | Note
-------+----------+-------------------------------------------
     0 | D        | mhtbhm the Demonspawn Berserker began the quest for the
                  | Orb.
     0 | D        | Reached XP level 1. HP: 18/18 MP: 1/1
    14 | D        | Reached skill level 3 in Maces & Flails
    14 | D        | Gained mutation: You have a pair of small antennae on your
                  | head. [demonic ancestry]
    14 | D        | Reached XP level 2. HP: 11/25 MP: 2/2
   411 | D        | Noticed an oklob sapling
   411 | D        | Noticed a scorpion
   417 | D        | Killed a scorpion
   417 | D        | Reached ** piety under Trog
   418 | D        | Reached skill level 5 in Fighting
   418 | D        | Reached skill level 5 in Maces & Flails
   418 | D        | Gained mutation: Spells you cast may paralyse adjacent
                  | enemies. [demonic ancestry]
   418 | D        | Reached XP level 3. HP: 33/33 MP: 3/3
   564 | D        | Killed an oklob sapling
   565 | D        | Reached skill level 1 in Stealth
   565 | D        | Gained mutation: You are partially covered in icy blue
                  | scales. (AC +2) [demonic ancestry]
   565 | D        | Reached XP level 4. HP: 40/40 MP: 4/4
   568 | D        | Found the amulet of invisibility {+Inv}
   708 | D        | Found an opulent altar of Gozag.
   708 | D        | Found a hazy altar of Hepliaklqana.
   708 | D        | Found a burning altar of Makhleb.
   708 | D        | Found a sparkling altar of Nemelex Xobeh.
   708 | D        | Found a snail-covered altar of Cheibriados.
   708 | D        | Found a sacrificial altar of Ru.
   708 | D        | Found a shimmering blue altar of Sif Muna.
   708 | D        | Found a shimmering altar of Xom.
   708 | D        | Found a basalt altar of Yredelemnul.
   709 | D        | Found a viscous altar of Jiyva.
   709 | D        | Found a bloodstained altar of Trog.
   709 | D        | Found an ornate altar of the Wu Jian Council.
   710 | D        | Found an iron altar of Okawaru.
   710 | D        | Found a shadowy altar of Dithmenos.
   711 | D        | Found an ancient bone altar of Kikubaaqudgha.
   711 | D        | Found a hide-covered altar of Uskayaw.
   712 | D        | Found a stormy altar of Qazlal.
   713 | D        | Found a corrupted altar of Lugonu.
   713 | D        | Found a radiant altar of Vehumet.
   719 | D        | Reached skill level 6 in Maces & Flails
   719 | D        | Reached XP level 5. HP: 47/47 MP: 3/5
   772 | D        | Reached *** piety under Trog
   927 | D        | Reached skill level 1 in Evocations
   937 | D        | Reached skill level 7 in Maces & Flails
   956 | D        | Reached XP level 6. HP: 14/56 MP: 3/6
  1189 | D        | Found Suguim's Weapon Shop.
  1189 | D        | Found Omorchuro's Book Emporium.
  1207 | D        | Noticed a burning bush
  1207 | D        | Noticed a wandering mushroom
  1208 | D        | Noticed a wandering mushroom
  1214 | D        | Reached **** piety under Trog
  1218 | D        | Killed a wandering mushroom
  1219 | D        | Reached skill level 8 in Maces & Flails
  1219 | D        | Reached skill level 5 in Dodging
  1219 | D        | Reached XP level 7. HP: 63/63 MP: 5/7
  1228 | D        | Killed a burning bush
  1229 | D        | Reached skill level 9 in Maces & Flails
  1229 | D        | Reached skill level 5 in Evocations
  1232 | D        | Found Jipnehog's Book Emporium.
  1232 | D        | Found Potir's General Store.
  1276 | D        | Killed a wandering mushroom
  1574 | D        | Noticed a queen bee
  1580 | D        | Reached ***** piety under Trog
  1585 | D        | Reached skill level 10 in Maces & Flails
  1585 | D        | Gained mutation: A meltable shield of frost defends you.
                  | (SH +4) [demonic ancestry]
  1585 | D        | Reached XP level 8. HP: 71/71 MP: 5/8
  1592 | D        | Killed a queen bee
  1597 | D        | HP: 1/71 [killer bee (3)]
  1597 | D        | Mangled by a killer bee

Illustrated notes

Levels and vault maps discovered:
D:        dungeon_sprint_fedhas [sprint_temple]

Skill      XL: |  1  2  3  4  5  6  7  8 |
---------------+-------------------------+-----
Maces & Flails | 3 5 6 7 8 10 | 10.3
Armour         | 2 3 4 |  4.7
Dodging        | 2 3 4 5 6 |  6.4
Fighting       | 5 6 7 8 9 |  9.4
Stealth        | 1 2 3 4 |  4.7
Evocations     | 2 4 5 6 |  6.2
Shields        | |  0.2

Action                   |  1- 3 |  4- 6 |  7- 9 || total
-------------------------+-------+-------+-------++-------
Melee: Mace              |    12 |    39 |    34 ||    85
Invok: Berserk           |     3 |     4 |     3 ||    10
       Trog's Hand       |       |       |     1 ||     1
       Brothers in Arms  |       |       |     1 ||     1
 Abil: Evoke Invisibilit |       |     4 |     1 ||     5
  Use: Potion            |       |     2 |       ||     2
 Stab: Invisible         |       |     1 |     3 ||     4
Armor: Animal skin       |       |     1 |       ||     1
       Plate armour      |       |       |    20 ||    20
Dodge: Dodged            |    10 |    29 |    33 ||    72
Block: Other             |       |       |    12 ||    12

Table legend: (Time is in decaauts)
 A = Elapsed time spent in this place.
 B = Non-inter-level travel time spent in this place.
 C = Inter-level travel time spent in this place.
 D = Time resting spent in this place.
 E = Time spent auto-exploring this place.
 F = Levels seen in this place.
 G = Mean time per level.
                   A        B        C        D        E       F      G
               +--------+--------+--------+--------+--------+-----+--------+
         Total |   1671 |   1671 |      0 |   1368 |     36 |   1 | 1671.0 |
       Dungeon |   1671 |   1671 |      0 |   1368 |     36 |   1 | 1671.0 |
               +--------+--------+--------+--------+--------+-----+--------+

Top non-repeatable levels by time:
       D: 1671 daAuts
